 Dungeon Crawl Stone Soup version 0.31-a0-1589-g8f5e8aebd6 (webtiles) character file.

Game seed: 7002042606035920687

71 MisterAzrael the Ruffian (level 3, -3/43 HPs)
             Began as a Demigod Shapeshifter on Jan 6, 2024.
             Slain by a gnoll
             ... wielding a +0 flail
              (6 damage)
             ... on level 3 of the Dungeon.
             The game lasted 00:02:19 (1426 turns).

MisterAzrael the Ruffian (Demigod Shapeshifter)     Turns: 1426, Time: 00:02:20

Health: -3/43      AC: 21    Str: 19    XL:     3   Next: 79%
Magic:  5/5        EV:  2    Int: 12    God:
Gold:   36         SH:  0    Dex: 13    Spells: 2/2 levels left

rFire   . .          .
                       - Unarmed
rCold   . . .        (no shield)
rNeg    . . .        a - melded +0 animal skin
rPois   +            (helmet currently unavailable)
rElec   .            (cloak currently unavailable)
rCorr   .            (gloves currently unavailable)
SInv    .            (boots currently unavailable)
Will    .....        (no amulet)
Stlth   +            (no ring)
HPRegen 0.27/turn    (no ring)
MPRegen 0.09/turn

%: no passive effects
@: brilliant, tree-form
A: stationary, stasis, torment immunity, boosted hp, high MP 1, forlorn, divine
attributes, (horns 1), (talons 1)
a: no special abilities


You were on level 3 of the Dungeon.
You were a tree.
You visited 1 branch of the dungeon, and saw 3 of its levels.

You collected 36 gold pieces.

Inventory:

Armour
 a - a +0 animal skin (melded)
 n - a +1 pair of gloves of hurling
Talismans
 c - a beast talisman
 d - a flux talisman
Scrolls
 e - a scroll of enchant armour {unknown}
 f - a scroll of fear {unknown}
 g - 3 scrolls of identify {unknown}
 h - a scroll of vulnerability {unknown}
 i - a scroll of revelation {unknown}
 k - a scroll of teleportation {unknown}
 l - a scroll of blinking {unknown}
Potions
 m - a potion of brilliance


   Skills:
 + Level 1.8 Fighting
 + Level 2.5 Dodging
 + Level 3.2 Unarmed Combat
 + Level 3.1 Shapeshifting


You had 2 spell levels left.
You didn't know any spells.
Your spell library contained the following spells:

 Spells                   Type           Power      Damage    Failure   Level
 Blink                    Tloc           0%         N/A       45%         2
 Cigotuvi's Dreadful Rot  Necr/Alch/Air  0%         N/A       45%         2
 Lesser Beckoning         Tloc           0%         N/A       45%         2
 Momentum Strike          Conj/Tloc      0%         3d8       45%         2
 Ignite Poison            Fire/Alch      0%         N/A       97%         4
 Freezing Cloud           Conj/Ice/Air   0%         6-21      100%        5


Dungeon Overview and Level Annotations

Branches:
Dungeon (3/15)


Innate Abilities, Weirdness & Mutations

You are a tree.
Your roots penetrate the ground, keeping you stationary.
You cannot be teleported.
You are immune to unholy pain and torment.
Your maximum health is greatly increased.
Your equipment is partially melded.
You have an increased reservoir of magic. (+10% MP)
You shall have no god before yourself.
Your divine heritage dramatically boosts your attributes as you level up.
((You have a pair of small horns on your head.))
((You have sharp toenails.))


Message History

HP restored.
g - 3 scrolls labelled ZIODAE DEIRE (gained 1)
You now have 36 gold pieces (gained 8). 3 gnolls come into view.
Found 12 gold pieces.
The gnoll shouts!
There are monsters nearby!
There are monsters nearby!
A dart slug comes into view.
Found a spear.
The gnoll shouts! x2
A rat comes into view.
The gnoll hits you with a +0 flail!
The rat squeaks loudly.
You hit the gnoll.
The gnoll is moderately wounded.
The gnoll hits you from afar with a +0 halberd!
The gnoll closely misses you.
The gnoll hits you from afar with a +0 halberd!
* * * LOW HITPOINT WARNING * * *
You are too injured to fight recklessly!
It was a potion of brilliance.
You feel clever all of a sudden. The gnoll closely misses you.
The gnoll hits you from afar with a +0 halberd.
* * * LOW HITPOINT WARNING * * *
Your transformation has ended.
You turn into a tree.
Your +0 animal skin melds into your body.
Your roots penetrate the ground.
The gnoll hits you but does no damage. x2
It was a potion of mutation.
You feel extremely strange.
Your toenails lengthen and sharpen.
A pair of horns grows on your head! The rat bites you but does no damage.
The gnoll hits you but does no damage. The gnoll completely misses you.
The gnoll hits you but does no damage.
You hit the gnoll.
The gnoll is heavily wounded.
The rat twitches its whiskers.
The rat bites you but does no damage. The gnoll hits you but does no damage.
The gnoll hits you with a +0 flail.
You die...

##...........## ...##
##...........###....
.....#............#
##...............!####
#...............#....
#....#............# ###
##..#...........#..#....
......#....####.g#......
...##.##..## ##♣wg.....
..###.##..# ##r......
..# #..#..# $g..... ..#
##.#..# ....... .##
#....# ....... .# ##...#
#...... .# ##..# ...)..
## #..# ...... #..#


You could see 3 gnolls, a dart slug and a rat.

Vanquished Creatures
  3 adders
  A dart slug (D:1)
  4 endoplasms
  A giant cockroach (D:1)
  2 goblins (D:1)
  5 hobgoblins
  2 jackals (D:2)
  2 kobolds (D:1)
  3 quokkas
  3 ball pythons (D:1)
  6 bats
  7 rats
39 creatures vanquished.

Notes
Turn   | Place    | Note
-------+----------+-------------------------------------------
     0 | D:1      | MisterAzrael the Demigod Shapeshifter began the quest for
                  | the Orb.
     0 | D:1      | Reached XP level 1. HP: 15/15 MP: 3/3
    47 | D:1      | Reached skill level 1 in Fighting
   320 | D:1      | Reached XP level 2. HP: 21/23 MP: 4/4
   905 | D:2      | Reached XP level 3. HP: 21/28 MP: 5/5
  1425 | D:3      | Gained mutation: You have sharp toenails. [potion of
                  | mutation]
  1425 | D:3      | Gained mutation: You have a pair of small horns on your
                  | head. [potion of mutation]
  1426 | D:3      | Slain by a gnoll

Illustrated notes

Levels and vault maps discovered:
D:1:      onia_arrival_handbag, layout_loops_ring,
          ebering_ecumenical_altar_petrified, nicolae_eternal_life
D:2:      layout_basic, minmay_ruptured
D:3:      layout_rooms

Skill      XL: |  1  2 |
---------------+-------+-----
Fighting       | 1 |  1.8
Dodging        | 2 |  2.5
Unarmed Combat | 3 |  3.2
Shapeshifting  | 3 |  3.1

Action                     || total
---------------------------++-------
  Melee: Unarmed           ||   118
         Punch             ||     2
    Use: Potion            ||     5
 Armour: Animal skin       ||    56
         Skin              ||    20
  Dodge: Dodged            ||    62

Table legend: (Time is in decaauts)
 A = Elapsed time spent in this place.
 B = Non-inter-level travel time spent in this place.
 C = Inter-level travel time spent in this place.
 D = Time resting spent in this place.
 E = Time spent auto-exploring this place.
 F = Levels seen in this place.
 G = Mean time per level.
                   A        B        C        D        E       F      G
               +--------+--------+--------+--------+--------+-----+--------+
         Total |   1419 |   1395 |     24 |    147 |    990 |   3 |  473.0 |
       Dungeon |   1419 |   1395 |     24 |    147 |    990 |   3 |  473.0 |
               +--------+--------+--------+--------+--------+-----+--------+

Top non-repeatable levels by time:
     D:1: 784 daAuts
     D:2: 375 daAuts
     D:3: 259 daAuts
